MLB
LOS ANGELES ANGELS @ MINNESOTA TWINS
06/09/2018
 
TOP OF THE 1ST
Los Angeles Angels batting - Pitching for Minnesota Twins : RHP Nick Pivetta
Pitching: RHP Nick Pivetta
Batting: RHB Kevin Pillar 0-0: DOUBLE (Line Drive, 78D)
Batting: LHB Kevin Kiermaier 0-0: Called Strike
0-1: Ball
1-1: Foul Ball, location: 2F
1-2: Ball
2-2: Ball
3-2: Foul Ball, location: 2F
3-2: Strikes out swinging
Batting: RHB Trevor Story 0-0: Foul Ball, location: 2F
0-1: Ball
1-1: Called Strike
1-2: Ball
2-2: Strikes out swinging
Batting: RHB Wil Myers 0-0: Called Strike
0-1: Ball
1-1: Ball
2-1: Called Strike
2-2: Foul Ball, location: 2F
2-2: SINGLE (Flyball, 78S)
Kevin Pillar to third
Runner from 3rd tries for Home, SAFE, throw by LF to home
Batting: LHB Jason Kipnis 0-0: Called Strike
0-1: Ball
1-1: Ball
2-1: Fly out, F7 (Flyball, 7LS)
Top of the 1st over - 1 run, 2 hits, 0 errors, 1 left on base; Los Angeles 1 - Minnesota 0
BOTTOM OF THE 1ST
Minnesota Twins batting - Pitching for Los Angeles Angels : RHP Trevor Bauer
Pitching: RHP Trevor Bauer
Batting: RHB Ian Kinsler 0-0: Called Strike
0-1: Ground out 5-3 (Groundball, 5S)
Batting: RHB Whit Merrifield 0-0: Called Strike
0-1: Called Strike
0-2: Foul Ball, location: 2F
0-2: Ball
1-2: Ground out U3 (Groundball, 3S)
Batting: LHB Freddie Freeman 0-0: Ball
1-0: Foul Ball, location: 2F
1-1: Foul Ball, location: 2F
1-2: Ball
2-2: SINGLE (Line Drive, 7S)
Batting: RHB Avisail Garcia 0-0: Ball
1-0: Ball
2-0: Fly out, F7 (Flyball, 7LM)
Bottom of the 1st over - 0 runs, 1 hit, 0 errors, 1 left on base; Los Angeles 1 - Minnesota 0
TOP OF THE 2ND
Los Angeles Angels batting - Pitching for Minnesota Twins : RHP Nick Pivetta
Batting: RHB Tyler Austin 0-0: SINGLE (Groundball, 6MD)
Batting: RHB Evan Longoria 0-0: Ball
1-0: Ball
2-0: Fly out, F7 (Line Drive, 7)
Batting: RHB Mike Zunino 0-0: Swinging Strike
0-1: Swinging Strike
0-2: Ball
1-2: Strikes out looking
Batting: RHB Cameron Rupp 0-0: Fly out, F8 (Flyball, 78S)
Top of the 2nd over - 0 runs, 1 hit, 0 errors, 1 left on base; Los Angeles 1 - Minnesota 0
BOTTOM OF THE 2ND
Minnesota Twins batting - Pitching for Los Angeles Angels : RHP Trevor Bauer
Batting: LHB Adam Lind 0-0: Swinging Strike
0-1: Called Strike
0-2: Ball
1-2: Ball
2-2: Foul Ball, location: 2F
2-2: Ball
3-2: Strikes out looking
Batting: RHB Maikel Franco 0-0: Ball
1-0: Ball
2-0: Ball
3-0: Called Strike
3-1: Base on Balls
Batting: RHB Adam Jones 0-0: Ball
1-0: Foul Ball, location: 2F
1-1: Swinging Strike
1-2: Strikes out looking
Batting: RHB Roberto Perez 0-0: Fly out, F9 (Flyball, 9D)
Bottom of the 2nd over - 0 runs, 0 hits, 0 errors, 1 left on base; Los Angeles 1 - Minnesota 0
TOP OF THE 3RD
Los Angeles Angels batting - Pitching for Minnesota Twins : RHP Nick Pivetta
Batting: RHB Kevin Pillar 0-0: Called Strike
0-1: Ball
1-1: Ball
2-1: DOUBLE (Line Drive, 89XD)
Batting: LHB Kevin Kiermaier 0-0: Called Strike
0-1: Ball
1-1: Foul Ball, location: 2F
1-2: Fly out, F9 (Line Drive, 9)
Batting: RHB Trevor Story 0-0: Ball
1-0: Foul Ball, location: 2F
1-1: Called Strike
1-2: Fly out, F9 (Flyball, 9S)
Batting: RHB Wil Myers 0-0: SINGLE (Flyball, 8RS)
Kevin Pillar to third
Runner from 3rd tries for Home, SAFE, throw by CF to home
Batting: LHB Jason Kipnis 0-0: Ball
1-0: Called Strike
1-1: Ball
2-1: Ball
3-1: Ground out 4-3 (Groundball, 4)
Top of the 3rd over - 1 run, 2 hits, 0 errors, 1 left on base; Los Angeles 2 - Minnesota 0
BOTTOM OF THE 3RD
Minnesota Twins batting - Pitching for Los Angeles Angels : RHP Trevor Bauer
Batting: RHB Miguel Rojas 0-0: Ground out 6-3 (Groundball, 6S)
Batting: RHB Ian Kinsler 0-0: Called Strike
0-1: Called Strike
0-2: SINGLE (Line Drive, 8LS)
Batting: RHB Whit Merrifield 0-0: Foul Ball, location: 2F
0-1: Ball
1-1: Fielders Choice at 2nd, 1-4 (Groundball, 15S)
Batting: LHB Freddie Freeman 0-0: Called Strike
0-1: Ball
1-1: Ball
Passed Ball!
Whit Merrifield to second
2-1: Ball
3-1: Foul Ball, location: 2F
3-2: Fly out, F8 (Flyball, 8LM)
Bottom of the 3rd over - 0 runs, 1 hit, 0 errors, 1 left on base; Los Angeles 2 - Minnesota 0
TOP OF THE 4TH
Los Angeles Angels batting - Pitching for Minnesota Twins : RHP Nick Pivetta
Batting: RHB Tyler Austin 0-0: Fly out, F7 (Flyball, 7S)
Batting: RHB Evan Longoria 0-0: Ball
1-0: Fly out, F3 (Popup, 3SF)
Batting: RHB Mike Zunino 0-0: Called Strike
0-1: Swinging Strike
0-2: Ball
1-2: Ground out 6-3 (Groundball, 6)
Top of the 4th over - 0 runs, 0 hits, 0 errors, 0 left on base; Los Angeles 2 - Minnesota 0
BOTTOM OF THE 4TH
Minnesota Twins batting - Pitching for Los Angeles Angels : RHP Trevor Bauer
Batting: RHB Avisail Garcia 0-0: Ball
1-0: Ball
2-0: Called Strike
2-1: Foul Ball, location: 2F
2-2: Strikes out looking
Batting: LHB Adam Lind 0-0: Foul Ball, location: 2F
0-1: Ball
1-1: Foul Ball, location: 2F
1-2: Ball
2-2: Fly out, F7 (Flyball, 7)
Batting: RHB Maikel Franco 0-0: Fly out, F6 (Popup, 56)
Bottom of the 4th over - 0 runs, 0 hits, 0 errors, 0 left on base; Los Angeles 2 - Minnesota 0
TOP OF THE 5TH
Los Angeles Angels batting - Pitching for Minnesota Twins : RHP Nick Pivetta
Batting: RHB Cameron Rupp 0-0: Called Strike
0-1: Ball
1-1: Ball
2-1: Called Strike
2-2: Strikes out swinging
Batting: RHB Kevin Pillar 0-0: Ground out 3-1 (Groundball, 34)
Batting: LHB Kevin Kiermaier 0-0: Called Strike
0-1: Bunted foul
0-2: Strikes out swinging
Top of the 5th over - 0 runs, 0 hits, 0 errors, 0 left on base; Los Angeles 2 - Minnesota 0
BOTTOM OF THE 5TH
Minnesota Twins batting - Pitching for Los Angeles Angels : RHP Trevor Bauer
Batting: RHB Adam Jones 0-0: Fly out, F4 (Popup, 34S)
Batting: RHB Roberto Perez 0-0: Ground out 4-3 (Groundball, 4M)
Batting: RHB Miguel Rojas 0-0: Ball
1-0: Ball
2-0: Ball
3-0: Called Strike
3-1: Foul Ball, location: 2F
3-2: SINGLE (Line Drive, 56D)
Batting: RHB Ian Kinsler 0-0: Foul Ball, location: 2F
0-1: Foul Ball, location: 2F
0-2: Ball
1-2: SINGLE (Line Drive, 8LS)
Miguel Rojas to second
Runner from 2nd tries for 3rd, SAFE, throw by CF made to third
Batting: RHB Whit Merrifield 0-0: DOUBLE (Line Drive, 9LS)
Miguel Rojas scores
Ian Kinsler to third
Batting: LHB Freddie Freeman 0-0: Ball
1-0: Foul Ball, location: 2F
1-1: Ball
2-1: Foul Ball, location: 2F
2-2: Foul Ball, location: 2F
2-2: DOUBLE (Flyball, 89XD)
Ian Kinsler scores
Whit Merrifield scores
Batting: RHB Avisail Garcia 0-0: Swinging Strike
0-1: Ball
1-1: Fly out, F9 (Flyball, 89D)
Bottom of the 5th over - 3 runs, 4 hits, 0 errors, 1 left on base; Los Angeles 2 - Minnesota 3
TOP OF THE 6TH
Los Angeles Angels batting - Pitching for Minnesota Twins : RHP Nick Pivetta
Batting: RHB Trevor Story 0-0: SINGLE (Line Drive, 9S)
Batting: RHB Wil Myers 0-0: Ball
1-0: Swinging Strike
1-1: Called Strike
1-2: Ball
2-2: Ball
3-2: Fly out, F7 (Flyball, 7)
Batting: LHB Jason Kipnis 0-0: Ball
1-0: Ball
2-0: SINGLE (Line Drive, 78S)
Trevor Story to second
Batting: RHB Tyler Austin 0-0: Called Strike
0-1: Ground out 5-3 (Groundball, 56)
Trevor Story to third
Jason Kipnis to second
Batting: RHB Evan Longoria 0-0: Ball
1-0: Ball
2-0: 3-RUN HOME RUN (Flyball, 9LD), Distance : 342 ft
Batting: RHB Mike Zunino 0-0: Swinging Strike
0-1: Foul Ball, location: 2F
0-2: Ball
1-2: Ball
2-2: Strikes out swinging
Top of the 6th over - 3 runs, 3 hits, 0 errors, 0 left on base; Los Angeles 5 - Minnesota 3
BOTTOM OF THE 6TH
Minnesota Twins batting - Pitching for Los Angeles Angels : RHP Trevor Bauer
Batting: LHB Adam Lind 0-0: Called Strike
0-1: Ball
1-1: Called Strike
1-2: Foul Ball, location: 2F
1-2: SOLO HOME RUN (Flyball, 7D), Distance : 358 ft
Batting: RHB Maikel Franco 0-0: Ball
1-0: Foul Ball, location: 2F
1-1: Foul Ball, location: 2F
1-2: Ball
2-2: Foul Ball, location: 2F
2-2: Ball
3-2: Base on Balls
Batting: RHB Adam Jones 0-0: Ball
1-0: Called Strike
1-1: Ground out U3 (Groundball, 3S)
Maikel Franco to second
Batting: RHB Roberto Perez 0-0: Ball
1-0: Ball
2-0: 2-RUN HOME RUN (Flyball, 9LD), Distance : 354 ft
Batting: RHB Miguel Rojas 0-0: Ball
1-0: Ball
2-0: Ball
3-0: Base on Balls
Pitching: RHP Sam Tuivailala
Batting: RHB Ian Kinsler 0-0: Ball
1-0: Ball
2-0: Swinging Strike
2-1: Called Strike
2-2: Foul Ball, location: 2F
2-2: Strikes out swinging
Batting: RHB Whit Merrifield 0-0: Ball
1-0: Ball
2-0: Ball
3-0: Base on Balls
Miguel Rojas to second
Batting: LHB Freddie Freeman 0-0: 3-RUN HOME RUN (Flyball, 89XD), Distance : 421 ft
Pitching: RHP Sam Dyson
Batting: RHB Avisail Garcia 0-0: Ball
1-0: Ball
2-0: Called Strike
2-1: Called Strike
2-2: Ball
3-2: Fly out, F8 (Flyball, 8LD)
Bottom of the 6th over - 6 runs, 3 hits, 0 errors, 0 left on base; Los Angeles 5 - Minnesota 9
TOP OF THE 7TH
Los Angeles Angels batting - Pitching for Minnesota Twins : RHP Nick Pivetta
Pitching: RHP Austin Adams
Batting: RHB Cameron Rupp 0-0: Called Strike
0-1: Ground out 5-3 (Groundball, 56S)
Batting: RHB Kevin Pillar 0-0: Ground out 6-3 (Groundball, 6)
Batting: LHB Kevin Kiermaier 0-0: Foul Ball, location: 2F
0-1: Swinging Strike
0-2: Ball
1-2: Foul Ball, location: 2F
1-2: Foul Ball, location: 2F
1-2: DOUBLE (Flyball, 8RXD)
Batting: RHB Trevor Story 0-0: Ball
1-0: Ball
2-0: Ball
3-0: Foul Ball, location: 2F
3-1: Base on Balls
Batting: RHB Wil Myers 0-0: Called Strike
0-1: Ball
1-1: Called Strike
1-2: Strikes out swinging
Top of the 7th over - 0 runs, 1 hit, 0 errors, 2 left on base; Los Angeles 5 - Minnesota 9
BOTTOM OF THE 7TH
Minnesota Twins batting - Pitching for Los Angeles Angels : RHP Sam Dyson
Batting: LHB Adam Lind 0-0: Ball
1-0: Fly out, F8 (Flyball, 89D)
Batting: RHB Maikel Franco 0-0: Ball
1-0: SINGLE (Line Drive, 8LS)
Batting: RHB Adam Jones 0-0: Fielders Choice at 2nd, 6-4 (Groundball, 56)
Batting: RHB Roberto Perez 0-0: Ball
1-0: Ball
2-0: Foul Ball, location: 2F
2-1: Foul Ball, location: 2F
2-2: Foul Ball, location: 2F
2-2: Strikes out looking
Bottom of the 7th over - 0 runs, 1 hit, 0 errors, 1 left on base; Los Angeles 5 - Minnesota 9
TOP OF THE 8TH
Los Angeles Angels batting - Pitching for Minnesota Twins : RHP Austin Adams
Pitching: RHP Tommy Kahnle
Batting: LHB Jason Kipnis 0-0: Ball
1-0: Ground out 4-3 (Groundball, 4)
Batting: RHB Tyler Austin 0-0: Foul Ball, location: 2F
0-1: Ball
1-1: Called Strike
1-2: Foul Ball, location: 2F
1-2: Strikes out swinging
Batting: RHB Evan Longoria 0-0: Foul Ball, location: 2F
0-1: Ball
1-1: Ball
2-1: Called Strike
2-2: Strikes out swinging
Top of the 8th over - 0 runs, 0 hits, 0 errors, 0 left on base; Los Angeles 5 - Minnesota 9
BOTTOM OF THE 8TH
Minnesota Twins batting - Pitching for Los Angeles Angels : RHP Sam Dyson
Pitching: LHP Jose Alvarez
Batting: RHB Miguel Rojas 0-0: Ball
1-0: Called Strike
1-1: Ball
2-1: Ball
3-1: Fly out, F8 (Line Drive, 8RM)
Batting: RHB Ian Kinsler 0-0: Ball
1-0: Foul Ball, location: 2F
1-1: Fly out, F6 (Line Drive, 6)
Batting: RHB Whit Merrifield 0-0: Ball
1-0: Called Strike
1-1: Foul Ball, location: 2F
1-2: Ball
2-2: Foul Ball, location: 2F
2-2: Strikes out swinging
Bottom of the 8th over - 0 runs, 0 hits, 0 errors, 0 left on base; Los Angeles 5 - Minnesota 9
TOP OF THE 9TH
Los Angeles Angels batting - Pitching for Minnesota Twins : RHP Tommy Kahnle
Pitching: RHP Alex Meyer
Batting: RHB Mike Zunino 0-0: Called Strike
0-1: SOLO HOME RUN (Flyball, 78XD), Distance : 431 ft
Pitching: RHP A.J. Ramos
Batting: RHB Cameron Rupp 0-0: Ball
1-0: Ball
2-0: Foul Ball, location: 2F
2-1: Ball
3-1: Base on Balls
Batting: RHB Kevin Pillar 0-0: Called Strike
0-1: Ball
1-1: Swinging Strike
1-2: Foul Ball, location: 2F
1-2: Strikes out swinging
Batting: LHB Kevin Kiermaier 0-0: Called Strike
0-1: Ball
1-1: Ball
2-1: Foul Ball, location: 2F
2-2: Ball
3-2: Foul Ball, location: 2F
3-2: SINGLE (Line Drive, 9LS)
Cameron Rupp to second
Pitching: RHP David Robertson
Batting: RHB Trevor Story 0-0: Ball
1-0: Swinging Strike
1-1: Called Strike
1-2: Strikes out swinging
Batting: RHB Wil Myers 0-0: Called Strike
0-1: Swinging Strike
0-2: Strikes out swinging, 2-3 out at first.
Top of the 9th over - 1 run, 2 hits, 0 errors, 2 left on base; Los Angeles 6 - Minnesota 9
Wednesday, August 15th, 2018 - OOTP Baseball 19.8 Build 64